 Dungeon Crawl Stone Soup version 0.26-a0-660-gc07710193c (webtiles) character file.

Game seed: 9547280215880421967

48 Borbozo the Sneak (level 3, 0/24 HPs)
             Began as an Octopode Brigand on Oct 7, 2020.
             Succumbed to an adder's poison
             ... on level 2 of the Dungeon.
             The game lasted 00:05:54 (1078 turns).

Borbozo the Sneak (Octopode Brigand)                Turns: 1078, Time: 00:05:54

Health: 0/24       AC:  1    Str: 10    XL:     3   Next: 72%
Magic:  3/3        EV: 13    Int: 13    God:
Gold:   71         SH:  0    Dex: 14    Spells: 2/2 levels left

rFire    . . .     SeeInvis .   a - +2 dagger
rCold    . . .     Faith    .   (no shield)
rNeg     . . .     Spirit   .   (helmet restricted)
rPois    .         Reflect  .   (no amulet)
rElec    .         Harm     .   (no ring)
rCorr    .         Rampage  .   (no ring)
MR       .....                  (no ring)
Stlth    ++++......             (no ring)
HPRegen  0.08/turn              (no ring)
MPRegen  0.08/turn              (no ring)
                                (no ring)
                                (no ring)

@: mighty, lethally poisoned (0 -> -6)
A: almost no armour, stealthy swim, amphibious, 8 rings, constrict 8, camouflage
1, gelatinous body 1
a: no special abilities


You were on level 2 of the Dungeon.
You visited 1 branch of the dungeon, and saw 2 of its levels.

You collected 71 gold pieces.

Inventory:

Hand Weapons
 a - a +2 dagger (weapon)
 g - a +1 whip of electrocution
Missiles
 b - 8 poisoned darts (quivered)
 c - 2 curare-tipped darts
 e - 67 arrows
 k - 17 bolts
Jewellery
 j - an uncursed ring of stealth {unknown}
Scrolls
 d - a scroll of teleportation {unknown}
 h - a scroll of noise {unknown}
 i - a scroll of enchant armour
Potions
 f - a potion of might


   Skills:
 + Level 2.1 Fighting
 + Level 2.1 Short Blades
 + Level 2.0 Throwing
 + Level 1.7 Dodging
 + Level 6.7 Stealth


You had 2 spell levels left.
You didn't know any spells.
Your spell library was empty.

Dungeon Overview and Level Annotations

Branches:
Dungeon (2/15)

Altars:


Innate Abilities, Weirdness & Mutations

You cannot wear most types of armour.
You are very stealthy in the water. (Stealth+)
You are amphibious.
You can wear up to eight rings at the same time.
You can use your tentacles to constrict eight enemies at once.
Your skin changes colour to match your surroundings (Stealth+).
Your rubbery body absorbs attacks. (AC +1, EV +1)


Message History

* * * LOW HITPOINT WARNING * * *
You barely miss the adder. Your grab misses the adder.
Your squeeze misses the adder.
The adder is severely wounded.
The adder bites you.
* * * LOW HITPOINT WARNING * * *
You are more poisoned.
The adder poisons you!
You closely miss the adder. You grab the adder. You squeeze the adder.
You kill the adder!
* * * LOW HITPOINT WARNING * * *
You feel sick. The worm closely misses you.
You puncture the worm!
You kill the worm!
* * * LOW HITPOINT WARNING * * *
You feel sick.
* * * LOW HITPOINT WARNING * * *
You feel sick.
You die...

##########
#... ....###
##.###.......
#@...†.......
#.<###.#..##.
#..# ... ...
..... ....# .
##..### .#..#
#..# ......
#... .. ....
..## ## ####
###


There were no monsters in sight!

Vanquished Creatures
  A gnoll (D:1)
  An adder (D:2)
  A worm (D:2)
  A leopard gecko (D:1)
  7 bats (D:1)
  A giant cockroach (D:1)
  2 goblins (D:1)
  2 hobgoblins (D:1)
  2 ball pythons (D:1)
  A frilled lizard (D:1)
  4 kobolds (D:1)
  4 rats (D:1)
27 creatures vanquished.

Notes
Turn   | Place    | Note
-------+----------+-------------------------------------------
     0 | D:1      | Borbozo the Octopode Brigand began the quest for the Orb.
     0 | D:1      | Reached XP level 1. HP: 14/14 MP: 1/1
   355 | D:1      | Reached XP level 2. HP: 12/19 MP: 2/2
   640 | D:1      | Reached skill level 6 in Stealth
   847 | D:1      | Reached XP level 3. HP: 24/24 MP: 3/3
  1076 | D:2      | HP: 1/24 [poisoned by an adder]
  1078 | D:2      | Succumbed to an adder's poison

Illustrated notes

Levels and vault maps discovered:
D:1:      zaba_arrival_water, layout_loops_ring, st_stairs_1, minivault_4,
          minmay_pentomino_t4
D:2:      layout_loops_corners, minmay_diced_spiral

Skill      XL: |  1  2 |
---------------+-------+-----
Stealth        | 6 |  6.7
Fighting       | |  2.1
Short Blades   | |  2.1
Throwing       | |  2.0
Dodging        | |  1.7

Action                   || total
-------------------------++-------
Melee: Dagger            ||    45
       Constrict         ||    11
       Tentacles         ||     9
  Use: Scroll            ||     1
       Potion            ||     1
 Stab: Sleeping          ||    10
Armor: Skin              ||     4
Dodge: Dodged            ||    23

Table legend: (Time is in decaauts)
 A = Elapsed time spent in this place.
 B = Non-inter-level travel time spent in this place.
 C = Inter-level travel time spent in this place.
 D = Time resting spent in this place.
 E = Time spent auto-exploring this place.
 F = Levels seen in this place.
 G = Mean time per level.
                   A        B        C        D        E       F      G
               +--------+--------+--------+--------+--------+-----+--------+
         Total |   1073 |   1073 |      0 |    280 |      0 |   2 |  536.5 |
       Dungeon |   1073 |   1073 |      0 |    280 |      0 |   2 |  536.5 |
               +--------+--------+--------+--------+--------+-----+--------+

Top non-repeatable levels by time:
     D:1: 1055 daAuts
     D:2: 17 daAuts
